 Dungeon Crawl Stone Soup version 0.31-a0-145-g046c7d2549 (webtiles) character file.

Game seed: 3403499520127951891

648 erloom the Magician (level 7, -4/45 HPs)
             Began as a Djinni Fire Elementalist on June 4, 2023.
             Was an Initiate of Makhleb.
             Slain by Edmund
             ... wielding a +1 flail of protection
              (9 damage)
             ... on level 6 of the Dungeon.
             The game lasted 00:10:14 (3604 turns).

erloom the Magician (Djinni Fire Elementalist)      Turns: 3604, Time: 00:10:14

Health: -4/45      AC:  3    Str:  9    XL:     7   Next: 83%
Gold:   259        EV: 11    Int: 19    God:    Makhleb [......] SH:  0 Dex: 13

rFire   + + .        u - +0 trident (protect)
rCold   x . .        (no shield)
rNeg    . . .        r - +0 leather armour of Limited Liability {Str+2 Slay+3}
rPois   ∞            (no helmet)
rElec   .            (no cloak)
rCorr   .            (no gloves)
SInv    .            (boots unavailable)
Will    .....        (no amulet)
Stlth   ++           o - ring of wizardry
HPRegen 0.27/turn    (no ring)
MPRegen 0.00/turn

%: wizardry (x1), infuse magic (-5 HP)
@: weak-willed, flying
A: sickness immunity, fire resistance 2, cold vulnerability 1, float, innate
caster, HP casting, extra vitality 1
a: Renounce Religion


You were on level 6 of the Dungeon.
You worshipped Makhleb.
Makhleb was noncommittal.
You visited 2 branches of the dungeon, and saw 7 of its levels.

You collected 259 gold pieces.

Inventory:

Hand Weapons
 d - a +2 sling of flaming
 e - a +2 short sword of draining
 t - a +2 short sword of venom
 u - a +0 trident of protection (weapon)
 w - the +3 falchion of Dithmenos's Pride {spect, Stlth+}
   (You found it on level 6 of the Dungeon)

   Stlth:     It makes you more stealthy.
Missiles
 s - 3 silver boomerangs
Armour
 a - a +1 robe
 r - the +0 leather armour of Limited Liability (worn) {Str+2 Slay+3}
   (You found it on level 4 of the Dungeon)

   Str:       It affects your strength (+2).
   Slay:      It affects your accuracy & damage with ranged weapons and melee
   (+3).
Jewellery
 o - a ring of wizardry (left hand)
 q - an amulet of faith
Scrolls
 c - 4 scrolls of identify
 i - 2 scrolls of poison
Potions
 b - a potion of might {unknown}
 f - a potion of attraction {unknown}
 g - a potion of heal wounds
 j - a potion of magic {unknown}
 k - 2 potions of curing {unknown}
 p - a potion of brilliance {unknown}


   Skills:
 - Level 2.1 Dodging
 - Level 2.0 Stealth
 + Level 6.5 Spellcasting
 + Level 6.5 Conjurations
 + Level 6.5 Hexes
 + Level 6.5 Summonings
 + Level 6.5 Necromancy
 + Level 6.5 Translocations
 + Level 6.5 Transmutations
 + Level 6.5 Fire Magic
 + Level 6.5 Ice Magic
 + Level 6.5 Air Magic
 + Level 6.5 Earth Magic
 + Level 6.5 Poison Magic


You knew the following spells:

 Your Spells              Type           Power      Damage    Failure   Level
a - Foxfire               Conj/Fire      100%       2x1d9     1%          1
b - Scorch                Fire           62%        2d7       1%          2
c - Volatile Blastmotes   Fire/Tloc      62%        2d15      1%          3
d - Inner Flame           Hex/Fire       31%        N/A       1%          3
e - Flame Wave            Conj/Fire      31%        2d9       4%          4
f - Magic Dart            Conj           100%       1d8       1%          1
g - Static Discharge      Conj/Air       62%        2-5/arc   1%          2
h - Gell's Gravitas       Tloc           31%        N/A       1%          3
Your spell library was empty.

Dungeon Overview and Level Annotations

Branches:
Dungeon (6/15)             Temple (1/1) D:5

Altars:
Cheibriados
Dithmenos
Elyvilon
Fedhas
Hepliaklqana
Makhleb
Ru
Wu Jian
Yredelemnul

Shops:
D:3 (   D:5 *

Annotations:
D:5 1 runed translucent door, Pikel; bmj180's ghost, novice MfIE
D:6 Edmund


Innate Abilities, Weirdness & Mutations

You are immune to sickness and miasma.
You are immune to poison.
Your flesh is very heat resistant. (rF++)
You are vulnerable to cold. (rC-)
You float through the air rather than walking.
You learn spells naturally, not from books.
Your magical power is your life essence.
You have superior vitality. (+4 MHP)


Message History

Unknown command.
Unknown command.
You feel much better. Edmund barely misses you.
Okay, then.
As you read the scroll labelled SUIBBU FEDWUU, it crumbles to dust.
Magic quickly surges around you.
It was a scroll of vulnerability.
Edmund hits you with a +1 flail of protection.
The gnoll hits you but does no damage.
As you read the scroll labelled XOPURE HULYNK, it crumbles to dust.
It is a scroll of amnesia.
You feel forgetful for a moment. The gnoll barely misses you.
Edmund closely misses you.
Okay, then.
As you read the scroll labelled TEFUPI EMIDAI, it crumbles to dust.
You hear a loud clanging noise!
It was a scroll of noise.
You hear a shout! x6
The gnoll hits you from afar with a +1 halberd of protection.
Edmund completely misses you. Edmund attacks as you move away!
Edmund barely misses you. Edmund attacks as you move away!
Edmund hits you with a +1 flail of protection.
Edmund attacks as you move away!
Edmund hits you with a +1 flail of protection.
A white imp comes into view.
The white imp shouts, "Scamper hence, thou worthless ill-breeding lout!"
The white imp gestures at you. The puff of frost hits you.
You feel a terrible chill! The white imp gestures at you.
The puff of frost hits you!
You feel a terrible chill! Edmund attacks as you move away!
Edmund hits you with a +1 flail of protection.
* * * LOW HITPOINT WARNING * * *
The white imp closely misses you.
There is a stone staircase leading up here.
The white imp closely misses you.
The gnoll hits you from afar with a +1 halberd of protection!
* * * LOW HITPOINT WARNING * * *
Edmund hits you with a +1 flail of protection!
You die...

##.........##.#.....##
.................#...
..................#.####
#...............#.....>.#
.#...................##.. #
..............##......#...#
............#.#...........#
...........#####......##.##
................@.....# #
...........#...5@.(..##
..........####.##.g...#
..........# ####..#..#
..........#####....#.##
...........##........###
##...##....>...#.......##
#[.## #.......##......§§###
#.. ##..#...##...§......#


You could see Edmund (weak-willed), a gnoll (weak-willed) and a white imp.

Vanquished Creatures
  2 scorpions
  3 orc priests
  A jelly (D:5)
  A gnoll bouda (D:6)
  A hound (D:6)
  An iguana (D:6)
  Terence (D:2)
  A sleepcap (D:4)
  5 orc wizards
  3 gnolls (D:6)
  2 adders
  A white imp (D:6)
  3 ufetubi
  2 worms
  A dart slug (D:1)
  12 orcs
  3 ball pythons
  A bat (D:1)
  4 endoplasms
  3 giant cockroaches
  6 goblins
  8 hobgoblins
  2 jackals (D:2)
  4 kobolds
  3 quokkas
  A frilled lizard (D:2)
  4 rats
79 creatures vanquished.

Vanquished Creatures (others)
  314 foxfires
314 creatures vanquished.

Grand Total: 393 creatures vanquished

Notes
Turn   | Place    | Note
-------+----------+-------------------------------------------
     0 | D:1      | erloom the Djinni Fire Elementalist began the quest for the
                  | Orb.
     0 | D:1      | erloom set off with the following spells memorised:
                  | Foxfire, Scorch, Volatile Blastmotes, Inner Flame, Flame
                  | Wave.
     0 | D:1      | Reached XP level 1. HP: 15/15 MP: 0/0
    95 | D:1      | Reached XP level 2. HP: 19/21 MP: 0/0
   545 | D:1      | Reached XP level 3. HP: 16/25 MP: 0/0
   545 | D:1      | Learned a level 1 spell: Magic Dart
   615 | D:2      | Noticed Terence
  1003 | D:2      | Found a faded altar of an unknown god.
  1204 | D:3      | Found Xorrames's Weapon Emporium.
  1221 | D:3      | Reached XP level 4. HP: 29/31 MP: 0/0
  2003 | D:4      | Identified the +0 leather armour of Limited Liability
                  | {Str+2 Slay+3}
  2277 | D:4      | Reached XP level 5. HP: 34/35 MP: 0/0
  2277 | D:4      | Learned a level 2 spell: Static Discharge
  2465 | D:2      | Killed Terence
  2575 | D:5      | Entered Level 5 of the Dungeon
  2604 | D:5      | Reached XP level 6. HP: 37/40 MP: 0/0
  2698 | D:5      | Reached skill level 5 in Spellcasting
  2698 | D:5      | Reached skill level 5 in Conjurations
  2698 | D:5      | Reached skill level 5 in Hexes
  2698 | D:5      | Reached skill level 5 in Summonings
  2698 | D:5      | Reached skill level 5 in Necromancy
  2698 | D:5      | Reached skill level 5 in Translocations
  2698 | D:5      | Reached skill level 5 in Transmutations
  2698 | D:5      | Reached skill level 5 in Fire Magic
  2698 | D:5      | Reached skill level 5 in Ice Magic
  2698 | D:5      | Reached skill level 5 in Air Magic
  2698 | D:5      | Reached skill level 5 in Earth Magic
  2698 | D:5      | Reached skill level 5 in Poison Magic
  2819 | D:5      | Found a snail-covered altar of Cheibriados.
  2829 | D:5      | Found a runed translucent door.
  2831 | D:5      | Found an ornate altar of the Wu Jian Council.
  2965 | D:5      | Found a staircase to the Ecumenical Temple.
  2974 | Temple   | Entered the Ecumenical Temple
  2996 | Temple   | Became a worshipper of Makhleb the Destroyer
  3098 | D:5      | Reached XP level 7. HP: 39/45 MP: 0/0
  3098 | D:5      | Learned a level 3 spell: Gell's Gravitas
  3107 | D:5      | Found Kezxax's Neck Hole.
  3148 | D:5      | Noticed Pikel
  3161 | D:5      | Found a sacrificial altar of Ru.
  3277 | D:5      | Noticed bmj180's ghost (novice MfIE)
  3371 | D:6      | Identified the +3 falchion of Dithmenos's Pride {spect,
                  | Stlth+}
  3564 | D:6      | Noticed Edmund
  3604 | D:6      | Slain by Edmund

Illustrated notes

Levels and vault maps discovered:
D:1:      lordsloth_arrival_two_stooges, layout_basic
D:2:      layout_rooms, hellmonk_ecumenical_altar_inner_sanctum,
          dk_noncrumbling_2, uniq_terence
D:3:      layout_basic, serial_shops, nicolae_shop_bloodbath_and_beyond
D:4:      layout_loops_cross
D:5:      layout_layer_cave, chequers_temple_overflow_statue_of_worship,
          nicolae_ru_the_path_less_chosen,
          minmay_temple_entry_statues_fountains, ebering_ghost_reflecting_pool,
          nicolae_shop_sticking_my_neck_out, uniq_pikel
D:6:      dreamdust_elfheim, layout_cave_pools, amcnicky_altar_gilded,
          uniq_menkaure, uniq_edmund
Temple:   dshaligram_water_room_temple

Skill      XL: |  1  2  3  4  5  6  7 |
---------------+----------------------+-----
Spellcasting   | 4 5 6 |  6.5
Conjurations   | 4 5 6 |  6.5
Hexes          | 4 5 6 |  6.5
Summonings     | 4 5 6 |  6.5
Necromancy     | 4 5 6 |  6.5
Translocations | 4 5 6 |  6.5
Transmutations | 4 5 6 |  6.5
Fire Magic     | 4 5 6 |  6.5
Ice Magic      | 4 5 6 |  6.5
Air Magic      | 4 5 6 |  6.5
Earth Magic    | 4 5 6 |  6.5
Poison Magic   | 4 5 6 |  6.5
Stealth        | 2 |  2.0
Dodging        | |  2.1

Action                     |  1- 3 |  4- 6 |  7- 9 || total
---------------------------+-------+-------+-------++-------
  Melee: Short sword       |       |     1 |       ||     1
         Trident           |       |       |     2 ||     2
   Cast: Foxfire           |    64 |    83 |    42 ||   189
         Scorch            |     3 |    10 |     3 ||    16
         Volatile Blastmot |       |     2 |     2 ||     4
         Gell's Gravitas   |       |       |     1 ||     1
    Use: Scroll            |       |       |     6 ||     6
         Potion            |       |       |     2 ||     2
 Armour: Robe              |     1 |       |       ||     1
         Leather armour    |       |     2 |     1 ||     3
  Dodge: Dodged            |    11 |     4 |    11 ||    26

Table legend: (Time is in decaauts)
 A = Elapsed time spent in this place.
 B = Non-inter-level travel time spent in this place.
 C = Inter-level travel time spent in this place.
 D = Time resting spent in this place.
 E = Time spent auto-exploring this place.
 F = Levels seen in this place.
 G = Mean time per level.
                   A        B        C        D        E       F      G
               +--------+--------+--------+--------+--------+-----+--------+
         Total |   3603 |   3314 |    289 |      0 |   2557 |   7 |  514.7 |
       Dungeon |   3561 |   3290 |    271 |      0 |   2547 |   6 |  593.5 |
        Temple |     42 |     24 |     18 |      0 |     10 |   1 |   42.0 |
               +--------+--------+--------+--------+--------+-----+--------+

Top non-repeatable levels by time:
     D:4: 817 daAuts
     D:5: 748 daAuts
     D:3: 590 daAuts
     D:1: 586 daAuts
     D:2: 581 daAuts
     D:6: 237 daAuts
  Temple: 42 daAuts
